 Dungeon Crawl Stone Soup version 0.26-b1-32-g5d43845318 (webtiles) character file.

Game seed: 17413761112734385449

14707 Aviak the Fighter (level 12, 0/62 (67) HPs)
             Began as a Vine Stalker Gladiator on Jan 9, 2021.
             Was a Priest of Ru.
             Slain by a komodo dragon (22 damage)
             ... on level 1 of the Lair of Beasts.
             The game lasted 00:26:50 (10313 turns).

Aviak the Fighter (Vine Stalker Gladiator)         Turns: 10313, Time: 00:26:51

HP:   0/62 (67)     AC: 13    Str: 20    XL:     12   Next: 19%
MP:   0/11          EV: 15    Int: 11    God:    Ru [***...]
Gold: 835           SH: 12    Dex: 18    Spells: 6/11 levels left

rFire    . . .     SeeInvis .   f - +1 rapier (vamp) {!w}
rCold    . . .     Faith    .   g - +0 kite shield
rNeg     . . .     Spirit   +   p - +2 robe {Will+}
rPois    .         Reflect  .   c - +0 helmet
rElec    +         Harm     .   n - +0 cloak
rCorr    +         Rampage  .   (no gloves)
Will     +++..                  E - +2 pair of boots {run}
Stlth    ++........             (no amulet)
HPRegen  1.00/turn              B - ring "Veeschu" {+Inv rElec Will+ rCorr Int+3}
MPRegen  0.12/turn              A - +4 ring of protection

@: no potions, drained, quick
A: fangs 3, low mp 1, regeneration 2, magic shield, antimagic bite, no potion
heal 3, inability to drink while threatened, inability to train armour, missing
an eye
a: Renounce Religion, Evoke Invisibility, Draw Out Power


You were on level 1 of the Lair of Beasts.
You worshipped Ru.
Ru was most pleased with you.
You visited 3 branches of the dungeon, and saw 12 of its levels.
You also visited: Ossuary.

You collected 835 gold pieces.

Inventory:

Hand Weapons
 f - a +1 vampiric rapier (weapon) {!w}
 i - a +2 dagger of venom
 m - a +1 vorpal flail
Missiles
 d - 4 throwing nets (quivered) {!f}
Armour
 c - a +0 helmet (worn)
 g - a +0 kite shield (worn)
 n - a +0 cloak (worn)
 p - a +2 robe of willpower (worn)
 s - a +2 leather armour of positive energy
 E - a +2 pair of boots of running (worn)
Magical Staves
 L - an uncursed staff of conjuration {!a}
Jewellery
 A - a +4 ring of protection (right hand)
 B - the ring "Veeschu" (left hand) {+Inv rElec Will+ rCorr Int+3}
   (You found it in an ossuary)

   [ring of resist corrosion]

   It affects your intelligence (+3).
   It insulates you from electricity.
   It affects your willpower, your defense against some magical effects.
   It lets you turn invisible.
   It provides partial protection from all sources of acid and corrosion.
 C - an uncursed ring of protection from cold
 F - an uncursed ring of stealth
Wands
 b - a wand of flame (7)
 h - a wand of iceblast (5)
 t - a wand of paralysis (21)
 G - a wand of disintegration (11)
 J - a wand of polymorph (9)
Scrolls
 a - a scroll of summoning {unknown}
 j - 5 scrolls of fear {unknown}
 k - 4 scrolls of amnesia
 r - 7 scrolls of remove curse
 u - 2 scrolls of enchant weapon {unknown}
 w - 3 scrolls of magic mapping
 x - 4 scrolls of blinking
 y - 4 scrolls of teleportation {unknown}
 I - a scroll of immolation {unknown}
 N - a scroll of random uselessness {unknown}
Potions
 e - 3 potions of brilliance {unknown}
 l - 3 potions of cancellation
 o - 3 potions of flight {unknown}
 q - 7 potions of haste {unknown}
 v - a potion of invisibility {unknown}
 z - a potion of lignification {unknown}
 D - a potion of curing {unknown}
 H - 2 potions of might
 K - 2 potions of berserk rage
Miscellaneous
 M - a condenser vane


   Skills:
 + Level 9.4 Fighting
 + Level 5.2(6.9) Short Blades
 - Level 7.0(7.8) Long Blades
 - Level 2.0 Throwing
 - Level 6.2 Dodging
 + Level 9.1 Shields
 + Level 6.5 Evocations


You had 6 spell levels left.
You knew the following spells:

 Your Spells              Type           Power        Failure   Level
a - Irradiate             Conj/Tmut      0%           100%        5

Your spell library contained the following spells:

 Spells                   Type           Power        Failure   Level
 Magic Dart               Conj           0%           58%         1
 Sting                    Tmut/Pois      0%           58%         1
 Poisonous Vapours        Pois/Air       0%           75%         2
 Searing Ray              Conj           0%           75%         2
 Sublimation of Blood     Necr           0%           75%         2
 Dazzling Flash           Conj/Hex       0%           92%         3
 Ignite Poison            Fire/Tmut/Pois 0%           92%         3
 Mephitic Cloud           Conj/Pois/Air  0%           92%         3
 Fulminant Prism          Conj/Hex       0%           100%        4
 Iskenderun's Mystic Bla  Conj/Tloc      0%           100%        4
 Olgreb's Toxic Radiance  Pois           0%           100%        4
 Yara's Violent Unravell  Hex/Tmut       0%           100%        5
 Death Channel            Necr           0%           100%        6


Dungeon Overview and Level Annotations

Branches:
Dungeon (10/15)            Temple (1/1) D:4            Lair (1/6) D:10
Ossuary (visited)
    Orc: D:9-12

Altars:
Ashenzari
Cheibriados
Dithmenos
Elyvilon
Fedhas
Gozag
Hepliaklqana
Kikubaaqudgha
Makhleb
Nemelex Xobeh
Okawaru
Qazlal
Ru
Sif Muna
Trog
Uskayaw
Vehumet
Wu Jian
Xom
Yredelemnul
Zin
The Shining One

Annotations:
D:4 1 runed translucent door, bl3nd3r's ghost, amateur GrFi


Innate Abilities, Weirdness & Mutations

You have razor-sharp teeth.
You heal very quickly.
When hurt, damage is shared between your health and your magic reserves.
Your bite disrupts and absorbs the magic of your enemies.
Potions cannot restore your health.
You cannot drink potions while threatened.
You cannot train Armour skill.
You are missing an eye, making it more difficult to aim.
Your magical capacity is low. (-10% MP)


Message History

You hit the komodo dragon but do no damage.
The komodo dragon is heavily wounded.
The komodo dragon bites you but does no damage.
You barely miss the komodo dragon. You bite the komodo dragon.
You drain its power.
You feel invigorated.
The komodo dragon is heavily wounded.
You redirect the komodo dragon's attack!
The komodo dragon bites itself!!
You hit the komodo dragon but do no damage.
Your bite misses the komodo dragon.
The komodo dragon is almost dead.
The komodo dragon bites you.
You hit the komodo dragon but do no damage.
You bite the komodo dragon, but do no damage.
The komodo dragon is almost dead.
You block the komodo dragon's attack.
You closely miss the komodo dragon.
The komodo dragon is almost dead.
The komodo dragon bites you!!
You die...

##.........# ...........
#.......... ##..........
#........... ####
#.#......... ##..#
###..........
##...###.#l.........
#.....###@#........# ###
###....###.........###
..####.###..P##.###..##.#
...........>##..# #### ##
...............##
.......#.#.###.#
..........## ..#
...........###..
...........###..#


You could see a komodo dragon.

Vanquished Creatures
  Gastronok (D:7)
  Harold (D:7)
  A hydra (Lair:1)
  A two-headed ogre (D:10)
  A cyclops (D:10)
  A black mamba (Lair:1)
  2 cane toads (Lair:1)
  2 rime drakes (Lair:1)
  A troll (D:10)
  A hornet (D:10)
  Sigmund (D:2)
  21 yaks
  3 basilisks
  A wraith (D:10)
  Eustachio (D:5)
  Duvessa (D:7)
  3 water moccasins
  2 sky beasts (D:8)
  A phantom (D:4)
  2 black bears
  An ice beast (D:10)
  2 orc warriors
  7 ogres
  2 centaurs
  A big kobold (D:10)
  An elf zombie (Ossuary)
  11 bullfrogs
  A gnoll sergeant (D:9)
  Dowan (D:7)
  2 scorpions
  A wyvern skeleton (D:9)
  An electric eel (D:10)
  13 wights
  A human zombie (Ossuary)
  A bullfrog zombie (D:9)
  A centaur zombie (D:5)
  2 jellies (D:5)
  3 bullfrog skeletons
  4 orc priests
  5 hounds
  A centaur skeleton (D:5)
  4 iguanas
  Natasha (twice) (D:4)
  6 orc wizards
  9 worker ants
  A big kobold zombie (Ossuary)
  A hound skeleton (D:5)
  4 mummies (Ossuary)
  A worker ant zombie (D:8)
  5 gnolls (D:9)
  5 adders
  A shadow imp (D:6)
  6 white imps
  5 ufetubi
  An ooze (D:3)
  An adder skeleton (D:4)
  6 worms
  A dart slug (D:3)
  7 leopard geckos
  22 orcs
  A ball python (D:3)
  6 bats
  6 giant cockroaches
  2 gnoll zombies (Ossuary)
  3 goblins
  7 hobgoblins
  18 jackals
  6 quokkas
  5 frilled lizards
  A giant cockroach zombie (D:5)
  A goblin zombie (Ossuary)
  2 hobgoblin zombies (Ossuary)
  A jackal skeleton (D:4)
  A jackal zombie (Ossuary)
  10 kobolds
  2 kobold zombies (Ossuary)
  An orc zombie (Ossuary)
  A quokka skeleton (D:4)
  5 rats
277 creatures vanquished.

Vanquished Creatures (others)
  A wight (D:10)
  2 orc wizards
  18 plants
21 creatures vanquished.

Grand Total: 298 creatures vanquished

Notes
Turn   | Place    | Note
-------+----------+-------------------------------------------
     0 | D:1      | Aviak the Vine Stalker Gladiator began the quest for the
                  | Orb.
     0 | D:1      | Reached XP level 1. HP: 11/11 MP: 2/2
   209 | D:1      | Reached XP level 2. HP: 12/15 MP: 3/3
   866 | D:2      | Reached XP level 3. HP: 18/18 MP: 4/4
  1290 | D:2      | Noticed Sigmund
  1466 | D:2      | Killed Sigmund
  1467 | D:2      | Gained mutation: Your natural rate of healing is unusually
                  | fast. [Vine Stalker growth]
  1467 | D:2      | Reached XP level 4. HP: 24/24 MP: 5/5
  1467 | D:2      | Reached XP level 5. HP: 28/28 MP: 6/6
  1691 | D:2      | Found a bloodstained altar of Trog.
  1937 | D:3      | Reached XP level 6. HP: 32/32 MP: 7/7
  2469 | D:4      | Noticed a phantom
  2506 | D:4      | Killed a phantom
  2605 | D:4      | Noticed Natasha
  2607 | D:4      | Killed Natasha
  2608 | D:4      | Reached XP level 7. HP: 36/36 MP: 8/8
  2682 | D:4      | Found a runed translucent door.
  2682 | D:4      | Noticed bl3nd3r's ghost (amateur GrFi)
  3036 | D:4      | Found an iron altar of Okawaru.
  3246 | D:4      | Noticed Natasha
  3254 | D:4      | Killed Natasha
  3337 | D:4      | Found a staircase to the Ecumenical Temple.
  3479 | Temple   | Entered the Ecumenical Temple
  3794 | Temple   | Became a worshipper of Ru the Awakened
  3824 | D:5      | Entered Level 5 of the Dungeon
  3890 | D:5      | Found a radiant altar of Vehumet.
  3959 | D:5      | Gained mutation: You have razor-sharp teeth. [Vine Stalker
                  | growth]
  3959 | D:5      | Reached XP level 8. HP: 32/42 MP: 7/9
  4040 | D:5      | Noticed Eustachio
  4055 | D:5      | Killed Eustachio
  4056 | D:5      | Reached skill level 5 in Long Blades
  4366 | D:5      | Reached skill level 5 in Fighting
  4592 | D:6      | Reached skill level 5 in Dodging
  4678 | D:6      | Gained mutation: You cannot drink potions while threatened.
                  | [Ru sacrifice]
  4678 | D:6      | Reached * piety under Ru
  4762 | D:6      | Found a sand-covered staircase.
  4856 | Ossuary  | Entered an ossuary
  5039 | Ossuary  | Reached XP level 9. HP: 41/47 MP: 7/10
  5102 | Ossuary  | Identified the Grimoire of Mutagenic Unholy Rituals
  5105 | Ossuary  | Got a scorched steel ring
  5106 | Ossuary  | Identified the ring "Veeschu" {+Inv rElec Will+ rCorr
                  | Int+3} (You found it in an ossuary)
  5206 | D:6      | Reached skill level 5 in Shields
  5874 | D:7      | Noticed Harold
  5885 | D:7      | Killed Harold
  6077 | D:7      | Reached XP level 10. HP: 53/53 MP: 11/11
  6093 | D:7      | Noticed Duvessa
  6093 | D:7      | Noticed Dowan
  6108 | D:7      | Killed Duvessa
  6113 | D:7      | Killed Dowan
  6166 | D:7      | Reached skill level 1 in Evocations
  6484 | D:8      | Noticed Gastronok
  6575 | D:7      | Killed Gastronok
  6679 | D:7      | Gained mutation: You are missing an eye, making it more
                  | difficult to aim. [Ru sacrifice]
  6679 | D:7      | Reached ** piety under Ru
  7078 | D:8      | Reached skill level 1 in Short Blades
  8043 | D:9      | Identified a +2 pair of boots of running (You found it on
                  | level 9 of the Dungeon)
  8054 | D:9      | Reached XP level 11. HP: 59/60 MP: 12/12
  8262 | D:10     | Entered Level 10 of the Dungeon
  8556 | D:10     | Gained mutation: You cannot train Armour skill. [Ru
                  | sacrifice]
  8556 | D:10     | Reached *** piety under Ru
  8579 | D:10     | Noticed a cyclops
  8587 | D:10     | Noticed a two-headed ogre
  8604 | D:10     | Killed a two-headed ogre
  8605 | D:10     | Reached skill level 5 in Evocations
  8606 | D:10     | Killed a cyclops
  8697 | D:10     | Found a hide-covered altar of Uskayaw.
  8837 | D:10     | Found a staircase to the Lair.
  9061 | D:10     | Paralysed by a hornet for 2 turns
  9490 | Lair:1   | Entered Level 1 of the Lair of Beasts
  9499 | D:10     | Learned a level 5 spell: Irradiate
  9577 | D:10     | Gained mutation: Your magical capacity is low. (-10% MP)
                  | [mutagenic glow]
 10018 | Lair:1   | Gained mutation: You heal very quickly. [Vine Stalker
                  | growth]
 10018 | Lair:1   | Reached XP level 12. HP: 59/66 MP: 11/11
 10045 | Lair:1   | Noticed a five-headed hydra
 10058 | Lair:1   | Killed a five-headed hydra
 10059 | Lair:1   | Reached skill level 5 in Short Blades
 10313 | Lair:1   | Slain by a komodo dragon

Illustrated notes

Levels and vault maps discovered:
D:1:      lemuel_arrival_tunnels, layout_basic, corner_web_ring
D:2:      layout_basic, bloody_trog, uniq_sigmund
D:3:      layout_basic, minmay_three_crescents
D:4:      layout_basic, okawaru_metal_pillars_3, minmay_temple_entry_offerings,
          gammafunk_ghost_grave, amcnicky_mini_pool_small,
          hangedman_decor_opposing, uniq_natasha
D:5:      layout_cave_pools, vehumet_altar_wand_db, uniq_eustachio
D:6:      layout_loops_corners, chequers_ossuary_entry_cave
D:7:      cheibrodos_quashed, layout_loops_ring, uniq_harold, uniq_duvessa
D:8:      layout_gridville, uniq_gastronok
D:9:      layout_irregular_city
D:10:     layout_gridville, dpeg_oklobed_lair, basic_altar,
          minmay_crystal_water, minmay_liquid_box
Temple:   compressed_dpeg_triangle_lava_temple
Lair:1:   layout_cave_pods

Skill      XL: |  1  2  3  4  5  6  7  8  9 10 11 12 |
---------------+-------------------------------------+-----
Throwing       | 2 |  2.0
Fighting       | 2 3 4 5 6 8 9 |  9.4
Long Blades    | 3 4 5 6 7 |  7.0
Dodging        | 3 4 5 6 |  6.2
Shields        | 2 3 4 6 7 8 9 |  9.1
Evocations     | 4 6 |  6.5
Short Blades   | 1 4 5 |  5.2

Action                   |  1- 3 |  4- 6 |  7- 9 | 10-12 || total
-------------------------+-------+-------+-------+-------++-------
Melee: Long sword        |    72 |   126 |   318 |    17 ||   533
       Bite              |    25 |    49 |   153 |   255 ||   482
       Rapier            |       |       |       |   687 ||   687
Throw: Throwing net      |       |       |       |     5 ||     5
Invok: Sacrifice Drink   |       |       |     1 |       ||     1
       Sacrifice an Eye  |       |       |       |     1 ||     1
       Draw Out Power    |       |       |       |     1 ||     1
       Sacrifice Durabil |       |       |       |     1 ||     1
 Abil: Evoke Invisibilit |       |       |       |     5 ||     5
Evoke: Wand              |       |       |     2 |    11 ||    13
  Use: Potion            |     3 |       |     1 |     1 ||     5
       Scroll            |       |     2 |     4 |     5 ||    11
 Stab: Sleeping          |       |       |     1 |     4 ||     5
       Held in net/web   |       |       |       |     2 ||     2
       Invisible         |       |       |       |    17 ||    17
       Paralysed         |       |       |       |     7 ||     7
       Distracted        |       |       |       |     2 ||     2
Armor: Leather armour    |    17 |    12 |    46 |    79 ||   154
       Ring mail         |       |    17 |    30 |       ||    47
       Robe              |       |       |       |    30 ||    30
Dodge: Dodged            |    31 |    70 |   141 |   319 ||   561
Block: Kite shield       |    28 |    57 |   173 |   348 ||   606
       Rpst.: Long sword |     9 |    22 |    52 |     4 ||    87
